 Dungeon Crawl Stone Soup version 0.20.1-1-g8b1a95d (webtiles) character file.

22699 vishdafish the Grappler (level 12, 0/97 HPs)
             Began as a Troll Transmuter on July 15, 2017.
             Was an Elder of Jiyva.
             Slain by a centaur warrior (7 damage)
             ... on level 14 of the Dungeon.
             The game lasted 00:41:12 (12306 turns).

vishdafish the Grappler (Troll Transmuter)         Turns: 12306, Time: 00:41:13

Health: 0/97       AC:  9    Str: 23    XL:     12   Next: 65%
Magic:  0/17       EV: 18    Int: 13    God:    Jiyva [****..]
Gold:   556        SH:  0    Dex: 10    Spells: 14/19 levels left

rFire    . . .     SeeInvis .     - Unarmed
rCold    . . .     Gourm    +   (no shield)
rNeg     . . .     Faith    .   A - +0 troll leather armour
rPois    +         Spirit   +   (helmet restricted)
rElec    .         Reflect  .   R - scarf {Spirit}
rCorr    +         Harm     .   (gloves unavailable)
MR       .....                  (boots unavailable)
Stlth    +.........             (no amulet)
Regen    1.1/turn               r - ring of poison resistance
MPRegen  0.2/turn               H - +6 ring of evasion

@: berserk cooldown
A: unfitting armour, claws 3, hooves 2, molten scales 1, fast metabolism 3,
gourmand, regeneration 1, shaggy fur 1, strong 1, tough skin 2
a: Request Jelly, Slimify, Renounce Religion


You were on level 14 of the Dungeon.
You worshipped Jiyva.
Jiyva was greatly pleased with you.
You were not hungry.

You visited 2 branches of the dungeon, and saw 16 of its levels.

You collected 740 gold pieces.
You spent 184 gold pieces at shops.

Inventory:

Hand Weapons
 B - a +4 trident
Missiles
 a - 248 arrows
 u - 11 large rocks (quivered)
Armour
 A - a +0 troll leather armour (worn)
 R - a scarf of spirit shield (worn)
Jewellery
 m - an uncursed ring of protection from magic
 r - a ring of poison resistance (left claw)
 y - an uncursed ring of protection from fire
 H - a +6 ring of evasion (right claw)
 M - a +4 ring of protection
Wands
 v - a wand of digging (1/24)
 E - a wand of enslavement (0/24)
 I - a wand of polymorph (14/24)
 K - a wand of digging (10/24)
Scrolls
 e - 4 scrolls of teleportation
 f - 2 scrolls of blinking
 g - 6 scrolls of enchant weapon
 h - 4 scrolls of recharging
 n - 3 scrolls of remove curse
 s - 3 scrolls of fog
 w - 2 scrolls of amnesia {unknown}
 x - 2 scrolls of noise {unknown}
 z - 2 scrolls of random uselessness {unknown}
 C - a scroll of magic mapping
 P - 2 scrolls of enchant armour
 T - a scroll of vulnerability
 X - a scroll of fear
 Z - a scroll of brand weapon {unknown}
Potions
 k - 4 potions of flight
 l - a potion of mutation
 q - a potion of ambrosia
 G - a potion of invisibility
 L - a potion of curing
 N - a potion of degeneration {unknown}
 Q - a potion of lignification {unknown}
 V - a potion of agility {unknown}
 W - 3 potions of cancellation {unknown}
Books
 b - a book of Geomancy

   Spells                             Type                      Level
   a - Sandblast                      Earth                        1
   b - Passwall                       Transmutation/Earth          2
   c - Stone Arrow                    Conjuration/Earth            3
   d - Petrify                        Transmutation/Earth          4
   e - Lee's Rapid Deconstruction     Earth                        5
 c - a book of Changes

   Spells                             Type                      Level
   a - Beastly Appendage              Transmutation                1
   b - Sticks to Snakes               Transmutation                2
   c - Spider Form                    Transmutation/Poison         3
   d - Ice Form                       Ice/Transmutation            4
   e - Blade Hands                    Transmutation                5
 D - a book of Air

   Spells                             Type                      Level
   a - Shock                          Conjuration/Air              1
   b - Swiftness                      Charms/Air                   2
   c - Static Discharge               Conjuration/Air              3
   d - Airstrike                      Air                          4
   e - Lightning Bolt                 Conjuration/Air              5
 J - a book of Battle

   Spells                             Type                      Level
   a - Infusion                       Charms                       1
   b - Shroud of Golubria             Charms/Translocation         2
   c - Song of Slaying                Charms                       2
   d - Spectral Weapon                Hexes/Charms                 3
   e - Regeneration                   Charms/Necromancy            3
Comestibles
 d - 6 bread rations
 j - 8 meat rations
 p - 17 royal jellies
 t - 8 fruits


   Skills:
 - Level 0.7 Fighting
 * Level 5.1 Throwing
 + Level 7.7 Dodging
 * Level 12.6 Unarmed Combat
 - Level 4.4 Spellcasting
 * Level 9.6 Transmutations


You had 14 spell levels left.
You knew the following spells:

 Your Spells              Type           Power        Failure   Level  Hunger
a - Beastly Appendage     Tmut           ####..       1%          1    None
b - Sticks to Snakes      Tmut           ####....     1%          2    ##.....
c - Passwall              Tmut/Erth      ###.......   4%          2    ##.....


Dungeon Overview and Level Annotations

Branches:
Dungeon (15/15)            Temple (1/1) D:5            Lair (0/6) D:10
    Orc (0/2) D:12         Vaults (0/5) D:14
 Depths: D:15

Altars:
Ashenzari
Elyvilon
Fedhas
Nemelex Xobeh
Okawaru
Ru
Yredelemnul
Beogh
Jiyva

Shops:
D:6 *   D:12 *   D:13 *


Innate Abilities, Weirdness & Mutations

You are too large for most types of armour.
You have claws for hands.
Your metabolism is lightning-fast.
You like to eat raw meat.
Your natural rate of healing is unusually fast.
You are covered in fur. (AC +1)
You have very tough skin. (AC +2)
You have hoof-like feet.
You are partially covered in molten scales. (AC +2)
Your muscles are strong. (Str +2)


Message History

The centaur warrior shoots an arrow.
The arrow hits your ball python!
Your ball python dies!
The centaur warrior shoots an arrow.
The arrow misses you.
The centaur warrior shoots an arrow.
The arrow hits your ball python!
Your ball python dies!
The centaur warrior shoots an arrow.
The arrow barely misses you.
You see here an arrow.
The centaur warrior shoots an arrow.
The arrow hits you!!
* * * LOW HITPOINT WARNING * * *
You hear a slurping noise.
You feel a little less hungry.
You feel your power returning.
You see here an arrow.
The centaur warrior unwields an uncursed shortbow.
The centaur warrior completely misses you.
The centaur warrior hits you!
* * * LOW HITPOINT WARNING * * *
You mangle the centaur warrior!! Your kick misses the centaur warrior.
The centaur warrior is moderately wounded.
The centaur warrior hits you!
You die...

#........# #.......
#........# #.......
#........# #.......
#........# #.......
###.###### #....... #.###
####..##. #...# #........
#######.#### #..###.##
#...(.J(@..######..#_#...
#..>.....c.#.......#>#...
#............#####.#[#...
#..........### #.#.#...
#..........# #.#(#...
#..........# #.#8#...
#..........# #..J....
#<.........# ##......
#..........# #......


You could see a centaur warrior and a neutral jelly (fellow slime).

Vanquished Creatures
  Rupert (D:14)
  A tengu warrior (D:14)
  A wizard (D:14)
  3 unseen horrors
  2 ugly things (D:13)
  4 manticores
  3 cyclopes
  5 trolls
  4 hippogriffs
  A shadow (D:15)
  Sigmund (D:5)
  A vampire (D:14)
  2 wraiths
  17 yaks
  2 humans (D:7)
  2 wyverns (D:10)
  A basilisk (D:14)
  A steam dragon (D:10)
  4 vampire mosquitoes
  Edmund (D:6)
  2 water moccasins
  5 swamp worms (D:10)
  An acid dragon (D:15)
  A soldier ant (shapeshifter) (D:14)
  2 sky beasts
  A swamp drake (D:10)
  2 black bears
  3 phantoms
  3 ice beasts
  9 orc warriors
  2 ogres
  5 centaurs
  2 crocodiles (D:10)
  A big kobold (D:10)
  Blork the orc (D:5)
  9 bullfrogs
  A gnoll sergeant (D:5)
  A wyvern zombie (D:8)
  5 scorpions
  3 killer bees (D:9)
  9 wights (D:8)
  3 howler monkeys
  4 centaur zombies
  5 crimson imps
  A quasit (D:10)
  A bullfrog skeleton (D:4)
  9 hounds
  3 jellies (D:10)
  10 orc priests
  7 orc wizards
  2 centaur skeletons
  11 worker ants
  3 hound zombies
  A hound skeleton (D:4)
  A worker ant zombie (D:6)
  14 adders
  5 gnolls
  5 shadow imps
  6 oozes
  An adder skeleton (D:4)
  2 adder zombies
  13 worms
  2 dart slugs
  7 leopard geckos
  42 orcs
  3 giant cockroaches
  6 goblins
  5 hobgoblins
  8 jackals
  9 kobolds
  2 quokkas
  12 bats
  4 frilled lizards
  2 jackal skeletons
  A quokka zombie (D:7)
  8 rats
343 creatures vanquished.

Vanquished Creatures (collateral kills)
  A two-headed ogre (D:13)
  Duvessa (D:7)
  An ogre (D:7)
  A centaur (D:14)
  Dowan (D:7)
  2 orc wizards (D:7)
  An adder (D:5)
  A shadow imp (D:5)
  6 orcs
  A giant cockroach (D:7)
  3 jackals (D:5)
19 creatures vanquished.

Vanquished Creatures (others)
  Nergalle (D:12)
  An unseen horror (D:12)
  An eye of draining (D:12)
  2 centaurs (D:14)
  32 jellies
  A hound (D:12)
  A centaur skeleton (D:12)
  An orc priest (D:12)
  2 orc wizards (D:12)
  A worker ant (D:13)
  A worm (D:10)
  3 orcs (D:12)
  3 plants
50 creatures vanquished.

Grand Total: 412 creatures vanquished

Notes
Turn   | Place    | Note
-------+----------+-------------------------------------------
     0 | D:1      | vishdafish the Troll Transmuter began the quest for the Orb.
     0 | D:1      | Reached XP level 1. HP: 18/18 MP: 1/1
    87 | D:1      | Reached XP level 2. HP: 21/26 MP: 2/2
   620 | D:1      | Reached XP level 3. HP: 32/32 MP: 4/4
  1499 | D:2      | Reached XP level 4. HP: 37/40 MP: 5/5
  2030 | D:3      | Noticed a bullfrog
  2039 | D:3      | Killed a bullfrog
  2039 | D:3      | Reached skill level 4 in Unarmed Combat
  2039 | D:3      | Reached XP level 5. HP: 27/46 MP: 6/6
  2214 | D:4      | Learned a level 2 spell: Sticks to Snakes
  2357 | D:4      | Reached XP level 6. HP: 33/54 MP: 7/7
  2647 | D:4      | Reached skill level 5 in Unarmed Combat
  3431 | D:5      | Entered Level 5 of the Dungeon
  3604 | D:5      | Reached XP level 7. HP: 58/61 MP: 9/9
  3719 | D:5      | Found a staircase to the Ecumenical Temple.
  3729 | Temple   | Entered the Ecumenical Temple
  3852 | D:5      | Noticed Sigmund
  3881 | D:5      | Gained mutation: Your muscles are strong. (Str +2) [potion of mutation]
  3881 | D:5      | Gained mutation: You are covered in thick fur. (AC +2) [potion of mutation]
  3891 | D:5      | Killed Sigmund
  4011 | D:5      | Noticed Blork the orc
  4017 | D:5      | Killed Blork the orc
  4392 | D:6      | Reached skill level 6 in Unarmed Combat
  4418 | D:6      | Reached XP level 8. HP: 55/68 MP: 10/10
  4943 | D:6      | Found a shattered altar of Ashenzari.
  4995 | D:6      | Found Owotokhlo's General Store.
  5000 | D:6      | Bought a potion of heal wounds for 70 gold pieces
  5000 | D:6      | Bought a scroll of teleportation for 42 gold pieces
  5051 | D:6      | Noticed Edmund
  5062 | D:6      | Reached skill level 7 in Unarmed Combat
  5066 | D:6      | Killed Edmund
  5142 | D:6      | Reached skill level 5 in Transmutations
  5326 | D:7      | Noticed a hippogriff
  5338 | D:7      | Killed a hippogriff
  5484 | D:7      | Reached XP level 9. HP: 74/75 MP: 12/12
  5820 | D:7      | Noticed Duvessa
  5821 | D:7      | Noticed Dowan
  5836 | D:7      | Killed Dowan
  5841 | D:7      | Killed Duvessa
  5864 | D:7      | Found an iron altar of Okawaru.
  5882 | D:7      | Reached skill level 8 in Unarmed Combat
  6474 | D:8      | Learned a level 2 spell: Passwall
  6788 | D:8      | Reached skill level 5 in Dodging
  6850 | D:8      | Found a shattered altar of Ashenzari.
  6958 | D:8      | Reached skill level 9 in Unarmed Combat
  7190 | D:9      | Reached XP level 10. HP: 83/83 MP: 14/14
  8001 | D:10     | Entered Level 10 of the Dungeon
  8214 | D:10     | Reached skill level 10 in Unarmed Combat
  8712 | D:10     | Found a viscous altar of Jiyva.
  9072 | D:10     | Became a worshipper of Jiyva Jinymux the Shapeless
  9176 | D:10     | Killed an unseen horror
  9176 | D:10     | Reached XP level 11. HP: 41/89 MP: 3/16
  9265 | D:10     | Found a staircase to the Lair.
  9578 | D:11     | You fall through a shaft for 2 floors!
  9578 | D:13     | Found Meocoar's Assorted Antiques.
  9626 | D:13     | Bought a brown potion for 23 gold pieces
  9626 | D:13     | Bought a bubbling cyan potion for 23 gold pieces
  9626 | D:13     | Bought a scroll labeled AMAURPH JEAKA for 26 gold pieces
  9632 | D:13     | You fall through a shaft for 2 floors!
  9632 | D:15     | Entered Level 15 of the Dungeon
  9756 | D:15     | Reached skill level 11 in Unarmed Combat
  9807 | D:15     | Killed an unseen horror
  9820 | D:15     | Noticed a skeletal warrior
  9881 | D:14     | Found a blossoming altar of Fedhas.
 10044 | D:14     | Found a basalt altar of Yredelemnul.
 10096 | D:14     | Gained mutation: You have large cloven feet. [mutagenic meat]
 10097 | D:14     | Lost mutation: Your muscles are strong. (Str +2) [mutagenic meat]
 10098 | D:14     | Gained mutation: Your magical capacity is low. (-10% MP) [mutagenic meat]
 10099 | D:14     | Gained mutation: You have hoof-like feet. [mutagenic meat]
 10101 | D:14     | Reached * piety under Jiyva
 10129 | D:14     | Noticed a wizard
 10139 | D:14     | Killed a wizard
 10139 | D:14     | Reached skill level 1 in Throwing
 10425 | D:14     | Noticed a centaur warrior
 10590 | D:14     | Found a gate to the Vaults.
 10591 | D:14     | Noticed a tengu warrior
 10603 | D:14     | Killed a tengu warrior
 10635 | D:14     | Reached ** piety under Jiyva
 10774 | D:13     | Reached XP level 12. HP: 96/97 MP: 13/15
 10843 | D:13     | Noticed Frances
 11105 | D:13     | Reached skill level 12 in Unarmed Combat
 11149 | D:13     | Noticed a two-headed ogre
 11157 | D:13     | Killed a two-headed ogre
 11286 | D:12     | Killed Nergalle
 11309 | D:12     | Found a roughly hewn altar of Beogh.
 11309 | D:12     | Found a staircase to the Orcish Mines.
 11375 | D:12     | Reached *** piety under Jiyva
 11615 | D:12     | Found Tecet's Assorted Antiques.
 11660 | D:12     | Gained mutation: You are partially covered in molten scales. (AC +2) [Jiyva's grace]
 11664 | D:12     | Noticed an eight-headed hydra
 11672 | D:12     | Reached **** piety under Jiyva
 11686 | D:12     | Lost mutation: You are covered in thick fur. (AC +2) [Jiyva's grace]
 11718 | D:13     | Reached ***** piety under Jiyva
 11889 | D:13     | Gained mutation: Your muscles are strong. (Str +2) [mutagenic meat]
 11901 | D:13     | Lost mutation: Your magical capacity is low. (-10% MP) [Jiyva's grace]
 12061 | D:13     | Slimified Frances
 12061 | D:13     | Noticed Frances
 12061 | D:13     | Frances changed into Frances the acid blob
 12175 | D:15     | Noticed a vampire mage
 12182 | D:15     | Noticed Rupert
 12275 | D:14     | Killed Rupert
 12275 | D:14     | Reached skill level 5 in Throwing
 12299 | D:14     | Noticed a centaur warrior
 12306 | D:14     | Slain by a centaur warrior

Skill      XL: |  1  2  3  4  5  6  7  8  9 10 11 12 |
---------------+-------------------------------------+-----
Dodging        | 2 3 4 5 6 7 |  7.7
Transmutations | 2 3 4 5 6 7 9 |  9.6
Unarmed Combat | 4 5 6 7 9 10 11 12 | 12.6
Spellcasting   | 2 3 4 |  4.4
Throwing       | 2 5 |  5.1
Fighting       | |  0.7

Action                   |  1- 3 |  4- 6 |  7- 9 | 10-12 || total
-------------------------+-------+-------+-------+-------++-------
Melee: Unarmed           |    93 |   151 |   328 |   729 ||  1301
       Punch             |       |     2 |    10 |    35 ||    47
       Kick              |       |       |       |    79 ||    79
Throw: Throwing net      |       |       |     1 |     1 ||     2
 Cast: Sticks to Snakes  |       |     2 |    43 |    43 ||    88
Invok: Slimify           |       |       |       |     1 ||     1
Evoke: Wand              |       |       |     2 |    12 ||    14
       Sack of spiders   |       |       |       |     1 ||     1
  Use: Potion            |       |       |     6 |     5 ||    11
       Scroll            |       |       |    10 |     7 ||    17
 Stab: Sleeping          |       |       |     1 |     1 ||     2
       Distracted        |       |       |     1 |       ||     1
  Eat: Chunk             |    13 |    13 |    29 |    42 ||    97
       Bread ration      |       |     1 |     2 |     1 ||     4
Armor: Robe              |    32 |    39 |    92 |    37 ||   200
       Steam dragon scal |       |       |       |    94 ||    94
       Troll leather arm |       |       |       |    26 ||    26
Dodge: Dodged            |    46 |    71 |   198 |   547 ||   862
